 Dungeon Crawl Stone Soup version 0.29.1-12-g30fa7ad0bf (webtiles) character file.

Game seed: 2516863006676396586

8507 wormed the Cleaver (level 11, -2/97 (99) HPs)
             Began as a Minotaur Berserker on Dec 19, 2022.
             Was a High Priest of Trog.
             Slain by an iron imp (7 damage)
             ... summoned by an obsidian statue
             ... on level 9 of the Dungeon.
             The game lasted 00:31:55 (10870 turns).

wormed the Cleaver (Minotaur Berserker)            Turns: 10870, Time: 00:31:56

HP:   -2/97 (99)    AC:  7    Str: 26    XL:     11   Next: 10%
MP:   1/10          EV:  9    Int:  1    God:    Trog [*****.]
Gold: 334           SH:  0    Dex: 10    Spells: 10/10 levels left

rFire   + . .      SeeInvis .   u - +0 war axe
rCold   + . .      Faith    .   (no shield)
rNeg    . . .      Spirit   .   c - +4 chain mail {rF+}
rPois   .          Reflect  .   (helmet unavailable)
rElec   .          Harm     .   m - +1 cloak {Stlth+}
rCorr   .          Rampage  .   p - +3 Mad Mage's Maulers {Infuse+∞ RegenMP Int-3}
Will    .....                   i - +0 pair of boots
Stlth   ..........              (no amulet)
HPRegen 0.26/turn               r - ring of flight
MPRegen 0.52/turn               s - ring of protection from cold

@: confused, corroded, flying, mesmerised, studying Dodging, lightly drained,
invisible
A: horns 3, retaliatory headbutt, MP-powered wands
a: Renounce Religion, Berserk, Trog's Hand, Brothers in Arms


You were on level 9 of the Dungeon.
You worshipped Trog.
Trog was extremely pleased with you.
You visited 1 branch of the dungeon, and saw 9 of its levels.

You collected 430 gold pieces.
You spent 96 gold pieces at shops.

Inventory:

Hand Weapons
 l - a +3 quarterstaff of chaos
 u - a +0 war axe (weapon)
Armour
 a - an orb of light
 c - a +4 chain mail of fire resistance (worn)
 i - a +0 pair of boots (worn)
 m - a +1 cloak of stealth (worn)
 p - the +3 Mad Mage's Maulers (worn) {Infuse+∞ RegenMP Int-3}
   (You found it on level 5 of the Dungeon)

   It empowers its wearer's blows with all of their magic.
   It causes its wearer's magical reserves to regenerate more quickly.
   Int:       It affects your intelligence (-3).
Jewellery
 r - a ring of flight (left hand)
 s - a ring of protection from cold (right hand)
 y - an amulet of magic regeneration
 B - a +4 ring of evasion
Wands
 q - a wand of paralysis (5)
 t - a wand of flame (16)
 C - a wand of polymorph (5)
Scrolls
 d - a scroll of identify
 j - 6 scrolls of teleportation
 k - a scroll of magic mapping
 v - a scroll of vulnerability
 A - a scroll of enchant weapon {unknown}
Potions
 b - 4 potions of brilliance
 e - 3 potions of flight
 f - a potion of heal wounds
 g - a potion of ambrosia
 h - 5 potions of curing
 n - 2 potions of haste
 o - a potion of might
 w - a potion of lignification
 x - a potion of berserk rage


   Skills:
 + Level 10.0 Fighting
 * Level 13.4 Axes
 + Level 9.6 Armour
 - Level 2.1 Dodging
 + Level 9.2 Shields


You had 10 spell levels left.
You didn't know any spells.
Your spell library was empty.

Dungeon Overview and Level Annotations

Branches:
Dungeon (9/15)             Temple (0/1) D:7             Orc (0/2) D:9
   Lair: D:8-11

Altars:
Dithmenos
Hepliaklqana
Kikubaaqudgha
Makhleb
Nemelex Xobeh
Okawaru
Trog

Shops:
D:8 *

Annotations:
D:5 2 runed translucent doors
D:9 exclusion: obsidian statue


Innate Abilities, Weirdness & Mutations

You have a pair of large horns on your head.
You reflexively headbutt those who attack you in melee.
You expend magic power (3 MP) to strengthen your wands.


Message History

The chaos spawn barely misses you. You furiously retaliate!
You headbutt the chaos spawn. The white imp closely misses you.
You closely miss the white imp.
The white imp is severely wounded.
You barely miss the hellwing. You hit the chaos spawn.
You hit the rust devil but do no damage.
The hellwing hits you! The hellwing barely misses you. The rust devil hits you!
The rust devil corrodes you! The chaos spawn hits you!
The chaos spawn freezes you! You resist.
The obsidian statue's eyes glow briefly.
The obsidian statue draws you further into its thrall.
You completely miss the hellwing. You barely miss the white imp.
You hit the chaos spawn but do no damage.
You hit the rust devil.
You kill the rust devil!
The rust devil disappears in a puff of smoke!
The white imp hits you but does no damage.
The hellwing hits you. x2; The chaos spawn hits you!
* * * LOW HITPOINT WARNING * * *
You are engulfed in flames.
You resist.
* * * LOW HITPOINT WARNING * * *
You feel much better.
The white imp grins evilly.
The white imp hits you. The white imp freezes you. You resist.
The hellwing hits you but does no damage.
The hellwing closely misses you.
The chaos spawn gibbers incoherently in a cacophony of voices.
The chaos spawn hits you!
* * * LOW HITPOINT WARNING * * *
You are confused.
You fade into invisibility!
The obsidian statue's eyes glow briefly.
The obsidian statue draws you further into its thrall.
The white imp gestures at you. The puff of frost hits you. You resist.
* * * LOW HITPOINT WARNING * * *
The hellwing hits you!
* * * LOW HITPOINT WARNING * * *
The hellwing closely misses you. The iron imp hits you!
You die...

........ #.[.....
..............# ##.......
...............###).......
#..............##))####>..
........(........## ##..
#......8.......## #..
#.......§......# #..
#....445§...#.## ##.
#....5@.§...#..## ###.
##...............####...
#..............#........
#..####...#....###.....###
## #.#####..##......# #
##)# #..##......# #..#
#..........##
##..#####...........#
##.....#.........#...##


You could see an obsidian statue (mesmerising), a hellwing (summoned, unable to
see you), a chaos spawn (summoned, unable to see you), an iron imp (summoned,
unable to see you) and a white imp (summoned, unable to see you).

Vanquished Creatures
  A two-headed ogre (D:7)
  A manticore (D:9)
  2 gargoyles
  A troll (D:9)
  Prince Ribbit (D:5)
  A hornet (D:7)
  Grinder (D:5)
  Sigmund (D:3)
  A wraith (D:9)
  2 yaks (D:5)
  A steam dragon (D:7)
  A vampire mosquito (D:6)
  Menkaure (D:5)
  An acid dragon (D:8)
  3 water moccasins
  4 orc warriors
  3 ice beasts
  3 black bears
  5 sky beasts
  An ogre (D:5)
  4 centaurs
  A phantom (D:4)
  A kobold brigand (D:9)
  3 bullfrogs
  3 necrophages
  4 scorpions
  15 wights
  8 killer bees
  2 howler monkeys
  A hound (D:5)
  2 jellies (D:6)
  5 orc priests
  Crazy Yiuf (D:2)
  2 iguanas
  Terence (D:2)
  Natasha (thrice) (D:2)
  Ijyb (D:3)
  10 orc wizards
  A river rat (D:4)
  10 adders
  A shadow imp (D:7)
  A white imp (D:8)
  3 ufetubi
  2 worms
  3 dart slugs
  33 orcs
  3 ball pythons
  6 bats
  3 endoplasms
  5 giant cockroaches
  14 goblins
  8 hobgoblins
  8 jackals (D:2)
  7 quokkas
  6 frilled lizards
  12 kobolds
  8 rats
236 creatures vanquished.

Notes
Turn   | Place    | Note
-------+----------+-------------------------------------------
     0 | D:1      | wormed the Minotaur Berserker began the quest for the Orb.
     0 | D:1      | Reached XP level 1. HP: 19/19 MP: 0/0
   146 | D:1      | Reached XP level 2. HP: 26/27 MP: 1/1
   152 | D:1      | Reached skill level 4 in Axes
   268 | D:1      | Reached skill level 1 in Shields
   331 | D:1      | Reached ** piety under Trog
   573 | D:1      | Found a faded altar of an unknown god.
   685 | D:2      | Reached XP level 3. HP: 31/33 MP: 2/2
   926 | D:2      | Noticed Terence
   935 | D:2      | Killed Terence
   936 | D:2      | Reached XP level 4. HP: 34/40 MP: 3/3
  1406 | D:2      | Noticed Natasha
  1420 | D:2      | Killed Natasha
  1421 | D:2      | Reached skill level 5 in Axes
  1489 | D:2      | Noticed Natasha
  1493 | D:2      | Killed Natasha
  1494 | D:2      | Reached XP level 5. HP: 38/47 MP: 4/4
  1814 | D:2      | Noticed Natasha
  1827 | D:2      | Killed Natasha
  2045 | D:2      | Found a runed translucent door.
  2046 | D:2      | Noticed Crazy Yiuf
  2204 | D:2      | Killed Crazy Yiuf
  2374 | D:3      | Noticed Ijyb
  2381 | D:3      | Killed Ijyb
  2463 | D:3      | Reached *** piety under Trog
  2574 | D:3      | Reached XP level 6. HP: 51/55 MP: 5/5
  3015 | D:3      | Noticed Sigmund
  3020 | D:3      | Killed Sigmund
  3021 | D:3      | Reached skill level 5 in Fighting
  3021 | D:3      | Reached skill level 6 in Axes
  3684 | D:4      | Reached XP level 7. HP: 58/61 MP: 6/6
  3855 | D:4      | Found a sparkling altar of Nemelex Xobeh.
  4123 | D:4      | Found a glowing drain.
  4371 | D:5      | Entered Level 5 of the Dungeon
  4383 | D:5      | Found an iron altar of Okawaru.
  4390 | D:5      | Reached skill level 7 in Axes
  4447 | D:5      | Reached skill level 5 in Armour
  4891 | D:5      | Noticed Menkaure
  4893 | D:5      | Found a hazy altar of Hepliaklqana.
  4897 | D:5      | Killed Menkaure
  4898 | D:5      | Reached skill level 8 in Axes
  4898 | D:5      | Reached XP level 8. HP: 70/70 MP: 7/7
  4968 | D:5      | Found a large runed translucent door.
  4970 | D:5      | Found a large runed translucent door.
  4971 | D:5      | Noticed a gargoyle
  4972 | D:5      | Found the +3 Mad Mage's Maulers {Infuse+∞ RegenMP Int-3}
  4987 | D:5      | Killed a gargoyle
  4988 | D:5      | Reached skill level 5 in Shields
  4993 | D:5      | Found a large runed translucent door.
  4993 | D:5      | Found a large runed translucent door.
  5232 | D:5      | Reached skill level 9 in Axes
  5521 | D:5      | Noticed Grinder
  5523 | D:5      | Noticed Prince Ribbit
  5535 | D:5      | Killed Prince Ribbit
  5536 | D:5      | Reached XP level 9. HP: 79/79 MP: 1/8
  5540 | D:5      | Killed Grinder
  5541 | D:5      | Reached skill level 10 in Axes
  5614 | D:5      | Found a burning altar of Makhleb.
  5681 | D:5      | Reached **** piety under Trog
  6167 | D:6      | Found a shadowy altar of Dithmenos.
  6240 | D:6      | Found a bloodstained altar of Trog.
  6811 | D:6      | Reached skill level 11 in Axes
  7234 | D:7      | Found a staircase to the Ecumenical Temple.
  7243 | D:7      | Noticed a two-headed ogre
  7272 | D:6      | Reached XP level 10. HP: 90/90 MP: 0/9
  7283 | D:7      | Killed a two-headed ogre
  7291 | D:7      | Reached skill level 12 in Axes
  7416 | D:7      | Noticed a gargoyle
  7430 | D:7      | Killed a gargoyle
  8545 | D:8      | Found Mdahi's Merry Market.
  8553 | D:8      | Bought a potion of mutation for 96 gold pieces
  8553 | D:8      | Gained mutation: You expend magic power (3 MP) to
                  | strengthen your wands. [potion of mutation]
  8553 | D:8      | Gained mutation: You have a pair of large horns on your
                  | head. [potion of mutation]
  9192 | D:9      | Noticed an obsidian statue
  9201 | D:9      | Reached skill level 13 in Axes
  9284 | D:9      | Noticed a manticore
  9295 | D:9      | Killed a manticore
  9295 | D:9      | Reached ***** piety under Trog
  9549 | D:9      | Reached XP level 11. HP: 97/99 MP: 0/10
  9555 | D:9      | Found a staircase to the Orcish Mines.
 10267 | D:9      | Reached skill level 10 in Fighting
 10348 | D:9      | Found an ancient bone altar of Kikubaaqudgha.
 10870 | D:9      | Slain by an iron imp

Illustrated notes

Levels and vault maps discovered:
D:1:      sevenhm_arrival_forest_fort_small_6, layout_basic,
          shapermc_ecumenical_altar_flowoftime, minmay_cut_off
D:2:      layout_loops_cross, minmay_goblin_outpost, uniq_crazy_yiuf_cottage,
          uniq_natasha, uniq_terence
D:3:      layout_basic, grunt_ministairs_5, uniq_sigmund, uniq_ijyb
D:4:      layout_loops_ring, nemelex_xobeh_ov_fountains_minmay,
          gup_sewer_entry_bubbles
D:5:      layout_basic, old_standard_altar, chequers_serial_rivers_micro_c,
          hangedman_feature_mirror, grunt_ministairs_6,
          minmay_hollow_rounded_squares, uniq_grinder, uniq_menkaure,
          uniq_prince_ribbit1
D:6:      minmay_chambers_of_sixes, layout_rooms,
          mainiacjoe_overflow_catch_the_wave
D:7:      layout_cave_pools, minmay_temple_entry_statues_pillars,
          dreamdust_princess_bridge, wad_floor_pattern_1, minmay_manual_mess
D:8:      layout_basic, nicolae_alphabet_shops, corexii_hall_statues_l
D:9:      layout_layer_cave, mainiacjoe_overflow_alcove_1, erik_orc_4,
          minivault_16

Skill      XL: |  1  2  3  4  5  6  7  8  9 10 11 |
---------------+----------------------------------+-----
Axes           | 4 5 6 8 9 11 13 | 13.4
Shields        | 1 2 3 4 6 7 9 |  9.2
Fighting       | 4 5 6 7 8 9 10 | 10.0
Armour         | 3 4 5 6 8 9 |  9.6
Dodging        | |  2.1

Action                   |  1- 3 |  4- 6 |  7- 9 | 10-12 || total
-------------------------+-------+-------+-------+-------++-------
Melee: Hand axe          |    69 |   115 |   168 |       ||   352
       Headbutt          |     9 |    18 |    36 |    26 ||    89
       Punch             |       |     1 |     3 |     1 ||     5
       War axe           |       |       |    90 |   208 ||   298
Invok: Berserk           |     1 |     2 |     6 |     2 ||    11
  Use: Scroll            |     2 |     6 |     3 |     5 ||    16
       Potion            |       |     1 |     1 |     3 ||     5
Armor: Leather armour    |    16 |       |       |       ||    16
       Chain mail        |       |    70 |   183 |   192 ||   445
Dodge: Dodged            |    54 |    47 |   124 |   108 ||   333
